 Dungeon Crawl Stone Soup version 0.32-a0-361-g289a535e89 (webtiles) character file.

Game seed: 863711643999208545

279 pokeman the Magician (level 6, -1/32 (34) HPs)
             Began as a Deep Elf Hedge Wizard on Feb 18, 2024.
             Slain by a wight
             ... wielding a +3 falchion
              (7 damage)
             ... on level 4 of the Dungeon.
             The game lasted 00:06:33 (3073 turns).

pokeman the Magician (Deep Elf Hedge Wizard)        Turns: 3073, Time: 00:06:34

HP:   -1/32 (34)    AC:  5    Str:  7    XL:     6   Next: 5%
MP:   7/17          EV: 13    Int: 21    God:
Gold: 122           SH:  0    Dex: 14    Spells: 10/18 levels left

rFire   + . .        v - +2 dagger (holy)
rCold   . . .        (no shield)
rNeg    . . .        b - +0 robe
rPois   .            x - +0 helmet
rElec   .            e - +0 cloak
rCorr   .            k - +0 pair of gloves
SInv    .            (no boots)
Will    .....        (no amulet)
Stlth   ++           o - ring of wizardry
HPRegen 0.25/turn    p - ring of protection from fire
MPRegen 0.15/turn

%: wizardry (x1)
@: drained
A: no striking features
a: no special abilities


You were on level 4 of the Dungeon.
You visited 1 branch of the dungeon, and saw 4 of its levels.

You collected 122 gold pieces.

Inventory:

Hand Weapons
 v - a +2 dagger of holy wrath (weapon)
 y - a +2 dagger of draining
Missiles
 c - 3 curare-tipped darts
Armour
 b - a +0 robe (worn)
 e - a +0 cloak (worn)
 k - a +0 pair of gloves (worn)
 q - a +0 tower shield
 x - a +0 helmet (worn)
Jewellery
 o - a ring of wizardry (left hand)
 p - a ring of protection from fire (right hand)
 u - an amulet of guardian spirit
Scrolls
 a - a scroll of amnesia {unknown}
 f - 2 scrolls of fear {unknown}
 h - a scroll of teleportation {unknown}
 i - 2 scrolls of immolation {unknown}
 m - a scroll of fog {unknown}
 n - 2 scrolls of identify {unknown}
 r - a scroll of vulnerability {unknown}
 s - a scroll of poison {unknown}
 t - 2 scrolls of enchant weapon {unknown}
Potions
 d - a potion of magic
 g - 3 potions of curing {unknown}
 j - a potion of lignification {unknown}
 l - a potion of berserk rage {unknown}
 w - a potion of degeneration {unknown}


   Skills:
 - Level 1.0 Fighting
 - Level 1.0 Armour
 - Level 3.0 Dodging
 - Level 3.0 Stealth
 + Level 0.6 Shields
 * Level 6.8 Spellcasting
 + Level 3.1 Conjurations
 - Level 1.1 Summonings
 - Level 1.1 Translocations
 - Level 1.0 Air Magic
 - Level 1.0 Alchemy


You had 10 spell levels left.
You knew the following spells:

 Your Spells              Type           Power      Damage    Failure   Level
a - Magic Dart            Conj           80%        1d7       1%          1
b - Mephitic Cloud        Conj/Alch/Air  14%        N/A       5%          3
c - Call Imp              Summ           22%        N/A       3%          2
d - Blink                 Tloc           22%        N/A       3%          2

Your spell library contained the following spells:

 Spells                   Type           Power      Damage    Failure   Level
 Slow                     Hex            28%        N/A       3%          1
 Cigotuvi's Dreadful Rot  Necr/Alch/Air  20%        N/A       4%          2


Dungeon Overview and Level Annotations

Branches:
Dungeon (4/15)
 Temple: D:4-7

Altars:
Ashenzari

Shops:
D:2 (

Annotations:
D:4 Gold behind rocks


Message History

You hit the wight but do no damage.
The wight is moderately damaged.
The wight barely misses you.
Your cerulean imp hits the wight but does no damage.
Unknown command.
You barely miss the wight.
The wight is moderately damaged.
The wight hits you with a +3 falchion. The wight barely misses you.
Your cerulean imp hits the wight but does no damage.
Unknown command.
You closely miss the wight.
The wight is moderately damaged.
The wight barely misses you. The wight hits you with a +3 falchion.
You feel drained.
Your cerulean imp closely misses the wight.
Unknown command.
You hit the wight but do no damage.
The wight is moderately damaged.
The wight hits you with a +4 scimitar!
You feel drained. The wight hits you with a +3 falchion!
* * * LOW HITPOINT WARNING * * *
Your cerulean imp hits the wight with a -3 spear.
Unknown command.
Casting: Call Imp (safe; 3% risk of failure)
Confirm with . or Enter, or press ? or * to list all spells.
You blink.
The wight misses something.
Unknown command.
Your magical contamination has completely faded away.
You see here an iguana corpse.
Your cerulean imp hits the wight but does no damage.
Your cerulean imp hits the wight but does no damage.
The wight hits your cerulean imp with a +4 scimitar!
Your cerulean imp hits the wight but does no damage.
The wight closely misses your cerulean imp.
The wight barely misses you.
You feel ready to blink again.
Your cerulean imp hits the wight but does no damage.
The wight completely misses your cerulean imp.
The wight attacks as it pursues you! The wight hits you with a +3 falchion!
You die...

####### #.....#
#.<...# #.....#
#.....# #.....#
#.....# #.###.#
#@#$#.# #z###.#
#.....# #...### .
#.†..### #..
##.....### ....
#.5.....####.....
#.>z#.#...$......
#.#....#####.....


You could see 2 wights and a friendly cerulean imp (summoned).

Vanquished Creatures
  Natasha (thrice) (D:2)
  An iguana (D:4)
  An orc wizard (D:3)
  Robin (D:3)
  3 adders
  3 dart slugs
  A ribbon worm (D:3)
  5 orcs (D:3)
  5 endoplasms
  A giant cockroach (D:2)
  6 hobgoblins
  3 jackals (D:1)
  3 quokkas (D:1)
  4 ball pythons
  8 bats
  A frilled lizard (D:2)
  10 goblins
  2 kobolds (D:1)
  3 rats
64 creatures vanquished.

Notes
Turn   | Place    | Note
-------+----------+-------------------------------------------
     0 | D:1      | pokeman the Deep Elf Hedge Wizard began the quest for the
                  | Orb.
     0 | D:1      | Reached XP level 1. HP: 10/10 MP: 7/7
   174 | D:1      | Reached XP level 2. HP: 15/15 MP: 6/9
   407 | D:1      | Reached skill level 5 in Spellcasting
   535 | D:1      | Reached XP level 3. HP: 20/20 MP: 6/11
   740 | D:1      | Reached skill level 1 in Fighting
   744 | D:1      | Learned a level 3 spell: Mephitic Cloud
   747 | D:1      | Learned a level 2 spell: Call Imp
   750 | D:1      | Learned a level 2 spell: Blink
   873 | D:1      | Found a faded altar of an unknown god.
   934 | D:1      | Reached skill level 1 in Armour
  1336 | D:2      | Noticed Natasha
  1355 | D:2      | Killed Natasha
  1356 | D:2      | Reached XP level 4. HP: 24/25 MP: 2/13
  1450 | D:2      | Found Ginteget's Antique Weapon Shoppe.
  1462 | D:2      | Noticed Natasha
  1501 | D:2      | Killed Natasha
  1579 | D:2      | Noticed Natasha
  1585 | D:2      | Killed Natasha
  1586 | D:2      | Reached skill level 6 in Spellcasting
  1586 | D:2      | Reached XP level 5. HP: 29/29 MP: 10/15
  2093 | D:3      | Noticed Robin
  2120 | D:3      | Killed Robin
  2447 | D:3      | Reached skill level 1 in Air Magic
  2447 | D:3      | Reached skill level 1 in Alchemy
  2470 | D:3      | Found a broken altar of Ashenzari.
  3006 | D:4      | Reached XP level 6. HP: 34/34 MP: 12/17
  3073 | D:4      | Slain by a wight

Illustrated notes

Levels and vault maps discovered:
D:1:      lemuel_arrival_cross, layout_basic,
          shapermc_ecumenical_altar_hornbeckon
D:2:      layout_rooms, serial_shops, nicolae_shop_hallway_plus, uniq_natasha
D:3:      layout_basic, evilmike_ruin_ashenzari, kennysheep_cluttered_room,
          minmay_misc_feat_pillars, uniq_robin
D:4:      layout_rooms, minmay_gold_behind_fungi, chequers_big_river,
          item_on_display_a

Skill      XL: |  1  2  3  4  5 |
---------------+----------------+-----
Spellcasting   | 5 6 |  6.8
Fighting       | 1 |  1.0
Armour         | 1 |  1.0
Conjurations   | 2 3 |  3.1
Stealth        | 3 |  3.0
Dodging        | 3 |  3.0
Air Magic      | 1 |  1.0
Alchemy        | 1 |  1.0
Shields        | |  0.6
Summonings     | |  1.1
Translocations | |  1.1

Action                     |  1- 3 |  4- 6 || total
---------------------------+-------+-------++-------
  Melee: Dagger            |    27 |    25 ||    52
   Cast: Magic Dart        |    69 |    77 ||   146
         Mephitic Cloud    |     1 |     4 ||     5
         Call Imp          |       |     3 ||     3
         Blink             |       |     1 ||     1
   Stab: Confused          |     1 |     4 ||     5
 Armour: Robe              |    29 |    24 ||    53
  Dodge: Dodged            |    35 |    23 ||    58

Table legend: (Time is in decaauts)
 A = Elapsed time spent in this place.
 B = Non-inter-level travel time spent in this place.
 C = Inter-level travel time spent in this place.
 D = Time resting spent in this place.
 E = Time spent auto-exploring this place.
 F = Levels seen in this place.
 G = Mean time per level.
                   A        B        C        D        E       F      G
               +--------+--------+--------+--------+--------+-----+--------+
         Total |   3092 |   3003 |     89 |     84 |   2471 |   4 |  773.0 |
       Dungeon |   3092 |   3003 |     89 |     84 |   2471 |   4 |  773.0 |
               +--------+--------+--------+--------+--------+-----+--------+

Top non-repeatable levels by time:
     D:1: 1211 daAuts
     D:3: 992 daAuts
     D:2: 812 daAuts
     D:4: 77 daAuts
